 Dungeon Crawl Stone Soup version 0.23.1 (webtiles) character file.

Game seed: 0

66086 OdinFK the Eclecticist (level 14, -4/74 HPs)
             Began as a Deep Elf Fire Elementalist on Mar 7, 2019.
             Was a High Priest of Vehumet.
             Slain by an entropy weaver (12 damage)
             ... on level 4 of the Lair of Beasts on Mar 8, 2019.
             The game lasted 02:15:11 (22014 turns).

OdinFK the Eclecticist (DEFE)                      Turns: 22014, Time: 02:15:12

Health: -4/74      AC:  8    Str:  5    XL:     14   Next: 77%
Magic:  4/38       EV: 16    Int: 26    God:    Vehumet [*****.]
Gold:   1153       SH:  3    Dex: 15    Spells: 16/49 levels left

rFire    + . .     SeeInvis .   u - +8 whip "Snakebite" {curare, rPois}
rCold    + . .     Gourm    .   (no shield)
rNeg     . . .     Faith    .   X - +2 animal skin {rC+}
rPois    +         Spirit   .   (no helmet)
rElec    .         Reflect  +   H - +2 cloak
rCorr    .         Harm     .   (no gloves)
MR       +....                  J - +0 pair of boots
Stlth    +++.......             U - +3 amulet of reflection
HPRegen  0.22/turn              z - ring of protection from cold
MPRegen  0.26/turn              O - ring of fire

@: no status effects
A: no striking features
a: Renounce Religion


You were on level 4 of the Lair of Beasts.
You worshipped Vehumet.
Vehumet was extremely pleased with you.
You were hungry.

You visited 3 branches of the dungeon, and saw 19 of its levels.
You also visited: Ice Cave.

You collected 1309 gold pieces.
You spent 156 gold pieces at shops.

Inventory:

Hand Weapons
 u - the +8 whip "Snakebite" (weapon) {curare, rPois}
   (You found it on level 4 of the Dungeon)

   It poisons the flesh of those it strikes.
   It protects you from poison.
Armour
 q - a +2 robe of fire resistance
 H - a +2 cloak (worn)
 J - a +0 pair of boots (worn)
 X - a +2 animal skin of cold resistance (worn)
Jewellery
 z - a ring of protection from cold (left hand)
 B - an uncursed ring of protection from cold
 O - a ring of fire (right hand)
 R - an uncursed ring of resist corrosion
 U - a +3 amulet of reflection (around neck)
 V - a +6 ring of intelligence
Wands
 r - a wand of acid (26)
 t - a wand of digging (5)
 v - a wand of scattershot (9)
 C - a wand of flame (57)
 D - a wand of polymorph (26)
 S - a wand of disintegration (28)
Scrolls
 d - 5 scrolls of teleportation
 e - 6 scrolls of remove curse
 f - 4 scrolls of blinking
 j - a scroll of immolation
 l - 3 scrolls of enchant armour
 m - 5 scrolls of amnesia
 o - 6 scrolls of fear
 p - 4 scrolls of fog
 F - a scroll of enchant weapon {unknown}
 G - a scroll of magic mapping {unknown}
 M - a scroll of holy word {unknown}
 N - a scroll of vulnerability {unknown}
Potions
 a - 2 potions of might
 b - 3 potions of magic
 g - 2 potions of mutation
 h - 4 potions of heal wounds
 i - 2 potions of agility
 k - 3 potions of flight
 n - 3 potions of lignification
 s - 8 potions of curing
 x - a potion of invisibility
 E - a potion of ambrosia
 P - a potion of brilliance {unknown}
 Q - a potion of resistance {unknown}
Miscellaneous
 y - a phial of floods
 T - a sack of spiders
Comestibles
 c - 49 rations


   Skills:
 + Level 3.2 Fighting
   Level 0.9 Short Blades
 + Level 3.3 Maces & Flails
 + Level 5.9 Dodging
 - Level 4.0 Stealth
 + Level 18.1 Spellcasting
 + Level 15.9 Conjurations
 + Level 2.4 Necromancy
 + Level 0.1 Translocations
 + Level 14.7 Fire Magic


You had 16 spell levels left.
You knew the following spells:

 Your Spells              Type           Power        Failure   Level  Hunger
a - Flame Tongue          Conj/Fire      #####        0%          1    None
b - Throw Flame           Conj/Fire      ######       0%          2    None
c - Conjure Flame         Conj/Fire      ########     0%          3    None
d - Sticky Flame          Conj/Fire      ########     1%          4    None
e - Fireball              Conj/Fire      ########..   1%          5    None
f - Blink                 Tloc           N/A          3%          2    None
g - Bolt of Draining      Conj/Necr      ######....   1%          5    None
h - Bolt of Fire          Conj/Fire      ########..   1%          6    ###....
i - Bolt of Magma         Conj/Fire/Erth #######...   1%          5    None

Your spell library contained the following spells:

 Spells                   Type           Power        Failure   Level  Hunger
 Iron Shot                Conj/Erth      ######....   3%          6    ###....
 Magic Dart               Conj           ####         0%          1    None
 Searing Ray              Conj           ######       0%          2    None
 Dazzling Spray           Conj/Hex       ######       1%          3    None
 Inner Flame              Hex/Fire       #######.     1%          3    None
 Mephitic Cloud           Conj/Pois/Air  ######..     1%          3    None
 Force Lance              Conj/Tloc      ######..     1%          4    None
 Fulminant Prism          Conj/Hex       ######....   1%          4    None
 Iskenderun's Mystic Bla  Conj           #######.     1%          4    None
 Call Imp                 Summ           ###.....     3%          2    None
 Slow                     Hex            ###.....     3%          2    None


Dungeon Overview and Level Annotations

Branches:
Dungeon (14/15)            Temple (1/1) D:5            Lair (4/6) D:9
  Swamp (0/4) Lair:2        Snake (0/4) Lair:4          Orc (0/2) D:12
 Vaults (0/5) D:13

Altars:
Ashenzari
Cheibriados
Dithmenos
Elyvilon
Fedhas
Gozag
Hepliaklqana
Kikubaaqudgha
Makhleb
Nemelex Xobeh
Okawaru
Qazlal
Ru
Sif Muna
Trog
Uskayaw
Vehumet
Wu Jian
Xom
Yredelemnul
Zin
The Shining One
Beogh

Shops:
D:8 }?=*!   D:12 *   D:13 %

Annotations:
D:13 exclusion: very ugly thing


Message History

Aiming: Bolt of Fire (safe; 1% risk of failure)
Press: ? - help, Shift-Dir - straight line, f/p - entropy weaver
Aim: an entropy weaver (moderately wounded)
You feel a surge of power!
The bolt of fire misses the entropy weaver.
The entropy weaver hits you!
The entropy weaver completely misses you.
The entropy weaver hits you. The entropy weaver hits you!
* * * LOW HITPOINT WARNING * * *
Casting: Bolt of Fire (safe; 1% risk of failure)
Confirm with . or Enter, or press ? or * to list all spells.
Aiming: Bolt of Fire (safe; 1% risk of failure)
Press: ? - help, Shift-Dir - straight line, f/p - entropy weaver
Aim: an entropy weaver (moderately wounded)
You feel a surge of power!
The bolt of fire misses the entropy weaver.
The entropy weaver hits you!
* * * LOW HITPOINT WARNING * * *
The entropy weaver hits you!
You die...

#......#....#...<..###
##..P..(.....##......#
##..)..###...........
#.....# #..#........
####..### ##..#.......
###.##.## #.........#
#.#.....# ##.......##.
#...#..## #........###
#..#.#.@#####...........
##.#../#.a#.#.#..........
#...#.#..#....P.......##.
##...#.....)..........##P
#.......................
##...=.#......#.#...##.#
##.......†...#####..##..
#.###........## #####..
### #.........# ##..


You could see an entropy weaver.

Vanquished Creatures
  A frost giant (IceCv)
  A very ugly thing (D:13)
  Snorg (D:11)
  3 vault guards (D:13)
  Fannar (D:11)
  3 hydras
  Harold (D:11)
  4 two-headed ogres
  2 tengu warriors
  2 death yaks (IceCv)
  Nergalle (Lair:4)
  2 unseen horrors
  2 wizards (D:13)
  Pikel (D:4)
  A wolf spider zombie (D:13)
  2 oklob plants (D:14)
  A cyclops (D:13)
  13 ugly things
  A manticore (D:14)
  4 centaur zombies
  2 black mambas (Lair:4)
  5 elephants (Lair:3)
  6 spiny frogs
  An ice statue (IceCv)
  2 gargoyles (D:10)
  4 komodo dragons
  2 rime drakes
  3 trolls
  3 meliai
  15 polar bears (IceCv)
  A queen bee (D:10)
  A hornet (D:13)
  3 blink frogs (Lair:1)
  A slime creature (D:10)
  10 hippogriffs
  Sigmund (D:5)
  10 humans
  4 wyverns
  2 wraiths (D:13)
  54 yaks
  A basilisk (Lair:2)
  2 hungry ghosts
  Grum (D:9)
  9 vampire mosquitoes
  5 nagas (Lair:4)
  Edmund (D:5)
  8 soldier ants (Lair:4)
  7 water moccasins
  Duvessa (D:7)
  3 porcupines
  3 sky beasts
  A hornet zombie (D:14)
  6 orc warriors
  An eye of draining (D:12)
  3 black bears
  9 ogres
  A phantom (D:6)
  5 ice beasts
  33 wolves
  12 crocodiles
  11 centaurs
  2 big kobolds
  Blork the orc (D:5)
  12 bullfrogs
  A wyvern zombie (D:10)
  A gnoll sergeant (D:10)
  Dowan (D:7)
  6 scorpions
  32 killer bees
  7 howler monkeys
  6 electric eels
  3 bullfrog zombies
  14 crimson imps
  A quasit (D:14)
  2 centaur skeletons (D:10)
  9 hounds
  2 jellies
  13 orc priests
  Crazy Yiuf (D:4)
  2 bullfrog skeletons
  Jessica (D:3)
  Ijyb (D:5)
  Natasha (thrice) (D:4)
  3 iguanas
  16 orc wizards
  15 worker ants
  A killer bee zombie (D:8)
  2 howler monkey zombies (D:8)
  2 worker ant zombies
  16 adders
  7 gnolls
  3 shadow imps
  An adder zombie (D:6)
  8 worms
  A dart slug (D:2)
  6 leopard geckos
  53 orcs
  8 bats
  7 giant cockroaches
  4 goblins
  8 hobgoblins
  7 jackals
  18 kobolds
  7 quokkas
  A ball python (D:3)
  7 frilled lizards
  5 rats
627 creatures vanquished.

Vanquished Creatures (others)
  A polar bear (IceCv)
  A human (D:13)
  A leopard gecko skeleton (D:4)
  6 fungi
  A plant (Lair:3)
10 creatures vanquished.

Grand Total: 637 creatures vanquished

Notes
Turn   | Place    | Note
-------+----------+-------------------------------------------
     0 | D:1      | OdinFK the Deep Elf Fire Elementalist began the quest for
                  | the Orb.
     0 | D:1      | Reached XP level 1. HP: 10/10 MP: 6/6
   167 | D:1      | Reached XP level 2. HP: 15/15 MP: 2/8
   171 | D:1      | Learned a level 2 spell: Throw Flame
   884 | D:2      | Reached XP level 3. HP: 9/19 MP: 0/9
  1029 | D:2      | Learned a level 3 spell: Conjure Flame
  1227 | D:2      | Reached XP level 4. HP: 17/24 MP: 0/11
  1376 | D:2      | Learned a level 4 spell: Sticky Flame
  1664 | D:2      | Noticed an ice beast
  1709 | D:2      | Killed an ice beast
  1709 | D:2      | Reached skill level 4 in Spellcasting
  1709 | D:2      | Reached XP level 5. HP: 28/28 MP: 2/13
  2529 | D:3      | Reached skill level 5 in Fire Magic
  2529 | D:3      | Reached XP level 6. HP: 14/32 MP: 0/14
  2749 | D:3      | Noticed a hippogriff
  2879 | D:3      | Noticed Jessica
  2929 | D:3      | Killed Jessica
  3129 | D:3      | Killed a hippogriff
  3129 | D:3      | Reached skill level 5 in Spellcasting
  3129 | D:3      | Reached skill level 5 in Conjurations
  3239 | D:4      | Reached XP level 7. HP: 36/36 MP: 12/17
  3250 | D:4      | Learned a level 5 spell: Fireball
  3321 | D:4      | Noticed Natasha
  3356 | D:4      | Killed Natasha
  3373 | D:4      | Noticed Natasha
  3378 | D:4      | Killed Natasha
  3407 | D:4      | Noticed Natasha
  3411 | D:4      | Killed Natasha
  3465 | D:5      | Entered Level 5 of the Dungeon
  3921 | D:4      | Noticed Pikel
  3930 | D:4      | Killed Pikel
  3930 | D:4      | Reached skill level 6 in Spellcasting
  3930 | D:4      | Reached XP level 8. HP: 28/41 MP: 10/19
  3934 | D:4      | Learned a level 2 spell: Blink
  3983 | D:4      | Found the +8 whip "Snakebite" {curare, rPois}
  3988 | D:4      | Found a runed translucent door.
  3989 | D:4      | Noticed Crazy Yiuf
  3996 | D:4      | Killed Crazy Yiuf
  4297 | D:5      | Noticed Blork the orc
  4302 | D:5      | Killed Blork the orc
  4326 | D:5      | Found a staircase to the Ecumenical Temple.
  4497 | D:5      | Reached skill level 7 in Spellcasting
  4524 | Temple   | Entered the Ecumenical Temple
  4702 | D:5      | Noticed Sigmund
  4724 | D:5      | Killed Sigmund
  4908 | D:5      | Found a sacrificial altar of Ru.
  4913 | D:5      | Noticed Edmund
  4923 | D:5      | Killed Edmund
  5071 | D:5      | Noticed Ijyb
  5089 | D:5      | Killed Ijyb
  5092 | D:5      | Reached XP level 9. HP: 45/46 MP: 5/22
  5470 | D:6      | Reached skill level 8 in Spellcasting
  6222 | D:7      | Found a radiant altar of Vehumet.
  6233 | D:7      | Became a worshipper of Vehumet
  6624 | D:7      | Noticed Duvessa
  6627 | D:7      | Noticed Dowan
  6630 | D:7      | Killed Duvessa
  6630 | D:7      | Killed Dowan
  6630 | D:7      | Reached skill level 9 in Spellcasting
  7238 | D:7      | Reached skill level 10 in Conjurations
  7346 | D:8      | Found Amif's Assorted Antiques.
  7383 | D:8      | Found Huries's Distillery.
  7414 | D:8      | Reached * piety under Vehumet
  7414 | D:8      | Offered knowledge of Shock by Vehumet.
  7453 | D:8      | Found Popas's Jewellery Emporium.
  7457 | D:8      | Found a hazy altar of Hepliaklqana.
  7486 | D:8      | Reached skill level 1 in Maces & Flails
  7550 | D:8      | Reached skill level 1 in Fighting
  7553 | D:8      | Reached skill level 10 in Spellcasting
  7581 | D:8      | Reached XP level 10. HP: 43/52 MP: 3/26
  7671 | D:8      | Found a stormy altar of Qazlal.
  7688 | D:8      | Found a glowing silver altar of Zin.
  7747 | D:8      | Bought a scroll labeled NANKIKLI ZISO for 26 gold pieces
  7747 | D:8      | Bought a coral ring for 130 gold pieces
  7812 | D:8      | Found a shimmering altar of Xom.
  7875 | D:8      | Found Leedead's Gadget Emporium.
  7915 | D:8      | Found Taiskis's Magic Scroll Shoppe.
  8100 | D:9      | Found an iron altar of Okawaru.
  8399 | D:9      | Found a staircase to the Lair.
  8484 | D:9      | Noticed Grum
  8739 | D:10     | Entered Level 10 of the Dungeon
  8756 | D:10     | Noticed an unseen horror
  8759 | D:10     | Killed an unseen horror
  8759 | D:10     | Reached skill level 11 in Spellcasting
  9028 | D:10     | Offered knowledge of Sandblast by Vehumet.
  9039 | D:10     | Reached ** piety under Vehumet
  9090 | D:10     | Reached skill level 10 in Fire Magic
  9275 | D:10     | Noticed a brown ugly thing
  9294 | D:10     | Killed a brown ugly thing
  9302 | D:10     | Noticed a tengu warrior
  9357 | D:10     | Killed a tengu warrior
  9357 | D:10     | Reached skill level 12 in Spellcasting
  9357 | D:10     | Reached XP level 11. HP: 23/57 MP: 8/29
  9580 | D:10     | Noticed a six-headed hydra
  9627 | Lair:1   | Entered Level 1 of the Lair of Beasts
 10055 | Lair:1   | Found a white marble altar of Elyvilon.
 10286 | Lair:1   | Offered knowledge of Stone Arrow by Vehumet.
 10308 | Lair:1   | Reached skill level 13 in Spellcasting
 10554 | Lair:1   | Reached *** piety under Vehumet
 11067 | Lair:2   | Offered knowledge of Ignite Poison by Vehumet.
 11202 | Lair:2   | Reached XP level 12. HP: 58/62 MP: 16/31
 11508 | Lair:2   | Reached skill level 14 in Spellcasting
 11844 | Lair:2   | Found a staircase to the Swamp.
 12140 | Lair:3   | Noticed a six-headed hydra
 12214 | Lair:3   | Noticed a five-headed hydra
 12484 | D:9      | Killed Grum
 12597 | D:10     | Reached **** piety under Vehumet
 12615 | D:10     | Noticed a two-headed ogre
 12630 | D:10     | Killed a two-headed ogre
 12974 | D:10     | Offered knowledge of Bolt of Draining by Vehumet.
 12982 | D:10     | Learned a level 5 spell: Bolt of Draining
 13059 | D:10     | Killed a six-headed hydra
 13491 | D:11     | Noticed Snorg
 13497 | D:11     | Killed Snorg
 13497 | D:11     | Reached skill level 15 in Spellcasting
 13960 | D:11     | Noticed Fannar
 13968 | D:11     | Killed Fannar
 13968 | D:11     | Reached skill level 5 in Dodging
 14064 | D:11     | Reached ***** piety under Vehumet
 14064 | D:11     | Offered knowledge of Poison Arrow by Vehumet.
 14575 | D:11     | Noticed Harold
 14612 | D:11     | Killed Harold
 14728 | D:11     | Reached XP level 13. HP: 68/68 MP: 27/34
 15397 | D:12     | Found an iron altar of Okawaru.
 15402 | D:12     | Found Ogam's General Store.
 15682 | D:12     | Found a staircase to the Orcish Mines.
 15891 | D:12     | Found a roughly hewn altar of Beogh.
 16651 | D:13     | Offered knowledge of Bolt of Fire by Vehumet.
 16679 | D:13     | Reached skill level 16 in Spellcasting
 16738 | D:13     | Found Iniess's Food Emporium.
 16885 | D:13     | Identified the +4 broad axe of Responsibility {drain, +Inv}
 16924 | D:13     | Found a gate to the Vaults.
 17416 | D:13     | Paralysed by a hornet for 1 turns
 17920 | D:13     | Learned a level 6 spell: Bolt of Fire
 18017 | D:13     | Noticed a red very ugly thing
 18332 | D:13     | Killed a red very ugly thing
 18332 | D:13     | Reached skill level 1 in Necromancy
 18616 | D:14     | Reached skill level 17 in Spellcasting
 18616 | D:14     | Reached XP level 14. HP: 72/72 MP: 23/37
 18654 | D:14     | Reached skill level 15 in Conjurations
 18680 | D:14     | Offered knowledge of Bolt of Magma by Vehumet.
 18690 | D:14     | Learned a level 5 spell: Bolt of Magma
 18771 | D:14     | Found a shimmering altar of Xom.
 18780 | D:14     | Found a shimmering altar of Xom.
 18787 | D:14     | Found a shimmering altar of Xom.
 18787 | D:14     | Found a shimmering altar of Xom.
 18787 | D:14     | Found a shimmering altar of Xom.
 18790 | D:14     | Found a shimmering altar of Xom.
 19177 | D:14     | Found a blossoming altar of Fedhas.
 20185 | Lair:4   | Found a frozen archway.
 20199 | Lair:4   | Noticed Nergalle
 20225 | IceCv    | Entered an ice cave
 21089 | IceCv    | Noticed a frost giant
 21103 | IceCv    | Offered knowledge of Iron Shot by Vehumet.
 21300 | IceCv    | Killed a frost giant
 21468 | Lair:4   | Killed Nergalle
 21480 | Lair:4   | Reached skill level 18 in Spellcasting
 21566 | Lair:4   | Found a staircase to the Snake Pit.
 21826 | Lair:4   | Noticed an entropy weaver
 21907 | Lair:4   | Noticed an entropy weaver
 22014 | Lair:4   | Slain by an entropy weaver

Skill      XL: |  1  2  3  4  5  6  7  8  9 10 11 12 13 14 |
---------------+-------------------------------------------+-----
Conjurations   | 2 3 4 5 7 9 10 11 12 13 14 15 | 15.9
Fire Magic     | 4 5 6 7 8 10 11 12 13 14 | 14.7
Spellcasting   | 4 5 6 7 10 12 13 15 17 18 | 18.1
Dodging        | 3 4 5 |  5.9
Maces & Flails | 1 2 3 |  3.3
Fighting       | 1 2 3 |  3.2
Stealth        | 3 4 |  4.0
Necromancy     | 1 2 |  2.4
Short Blades   | |  0.9
Translocations | |  0.1

Action                   |  1- 3 |  4- 6 |  7- 9 | 10-12 | 13-15 || total
-------------------------+-------+-------+-------+-------+-------++-------
Melee: Short sword       |    14 |    12 |     7 |       |       ||    33
       Whip              |       |       |    62 |    68 |   118 ||   248
 Cast: Flame Tongue      |    45 |    91 |   116 |   293 |   263 ||   808
       Throw Flame       |    17 |    51 |    43 |   109 |    30 ||   250
       Conjure Flame     |       |     1 |     2 |     6 |    11 ||    20
       Sticky Flame      |       |     1 |    28 |    93 |    86 ||   208
       Fireball          |       |       |     8 |    44 |    65 ||   117
       Bolt of Draining  |       |       |       |     1 |    20 ||    21
       Bolt of Fire      |       |       |       |       |    54 ||    54
       Blink             |       |       |       |       |     1 ||     1
  Use: Potion            |       |     1 |     3 |     1 |       ||     5
       Scroll            |       |       |     4 |    10 |     7 ||    21
 Stab: Sleeping          |       |       |     1 |     1 |       ||     2
  Eat: Chunk             |     1 |     8 |    17 |    23 |    22 ||    71
       Ration            |       |       |       |       |     1 ||     1
Armor: Robe              |     3 |     7 |    31 |    49 |    47 ||   137
Dodge: Dodged            |    29 |    29 |    66 |   161 |   151 ||   436
Block: Other             |       |       |       |       |    10 ||    10
